Map: Catalyst LE

Players

A.I. 1 (Very Easy) - Winner!

  • Race: Terran Terran
  • Spawn Location: 11:00

tbirdd

  • Race: Terran Terran
  • Spawn Location: 5:00

VOD

Have the link to the VOD?

Description

Time

  • Played on: Jan. 28, 2018, 12:43 a.m.
  • Length: 5:37
Show
View Real Time Build Order
Export as new Build Order

A.I. 1 (Very Easy) Terran - Winner!

Build Orders: Banshee Rush 

Get SALT Encoding   

  1  0:00  Zerg Flyer Weapons Level 3, Terran Vehicle and Ship Weapons Level 2, Zerg Melee Weapons Level 1, Protoss Ground Armor Level 1, Zerg Missile Weapons Level 1, Zerg Flyer Armor Level 1, Blink, Protoss Ground Weapons Level 2, Terran Infantry Weapons Level 3, Terran Infantry Armor Level 2, Zerg Missile Weapons Level 3, Protoss Shields Level 2, Terran Vehicle And Ship Armor Level 3, Terran Vehicle Armor Level 2, Zerg Ground Armor Level 2, Protoss Air Weapons Level 1, Terran Vehicle Armor Level 1, SCV, Terran Vehicle And Ship Armor Level 2, Protoss Air Weapons Level 2, Zerg Flyer Weapons Level 1, Protoss Shields Level 3, Terran Vehicle And Ship Armor Level 1, Terran Vehicle and Ship Weapons Level 1, Terran Ship Weapons Level 1, Zerg Melee Weapons Level 3, Terran Ship Weapons Level 2, Terran Infantry Weapons Level 1, Protoss Air Armor Level 2, Zerg Missile Weapons Level 2, Terran Vehicle and Ship Weapons Level 3, Protoss Ground Armor Level 3, Protoss Shields Level 1, Terran Vehicle Weapons Level 2, Protoss Air Armor Level 3, Zerg Flyer Weapons Level 2, Terran Ship Armor Level 1, Protoss Ground Weapons Level 1, Protoss Ground Weapons Level 3, Terran Ship Armor Level 2, Protoss Air Armor Level 1, Zerg Melee Weapons Level 2, Terran Vehicle Armor Level 3, Zerg Flyer Armor Level 3, Terran Infantry Armor Level 1, Terran Infantry Weapons Level 2, Terran Ship Weapons Level 3, Terran Infantry Armor Level 3, Terran Vehicle Weapons Level 1, Protoss Air Weapons Level 3, Terran Vehicle Weapons Level 3, Zerg Ground Armor Level 1, Protoss Ground Armor Level 2, Terran Ship Armor Level 3, Zerg Flyer Armor Level 2, Zerg Ground Armor Level 3  
  13  0:10  Weapon Refit, Charge, Warp Gate, Resonating Glaives, Stimpack, Neosteel Armor, Extended Thermal Lance  
  13  0:13  SCV  
  14  0:17  Ventral Sacs, Adrenal Glands  
  14  0:19  Supply Depot  
  14  0:24  Personal Cloaking  
  14  0:31  Cloaking Field, Combat Shield, Drilling Claws, Neosteel Frame, Neural Parasite, Chitinous Plating, Centrifugal Hooks, Psionic Storm, Corvid Reactor, Metabolic Boost, Infernal Pre-Igniter, 250mm Strike Cannons, Glial Reconstitution, Tunneling Claws  
  14  0:39  Burrow, Muscular Augments x3  
  14  0:42  Barracks  
  14  0:46  Anion Pulse-Crystals  
  14  0:53  Gravitic Boosters, Behemoth Reactor, Gravitic Drive, Graviton Catapult, Caduceus Reactor, Hi-Sec Auto Tracking, Moebius Reactor, Pathogen Glands  
  14  0:57  Protoss Ground Weapons Level 3, Protoss Shields Level 3, Protoss Ground Armor Level 3  
  14  1:03  Command Center  
  14  1:07  Concussive Shells, Pneumatized Carapace  
  14  1:08  Zerg Flyer Armor Level 3, Zerg Melee Weapons Level 3, Terran Ship Weapons Level 3, Terran Infantry Armor Level 3, Protoss Air Armor Level 3, Protoss Air Weapons Level 3, Terran Infantry Weapons Level 3, Zerg Flyer Weapons Level 3, Zerg Missile Weapons Level 3, Terran Vehicle Weapons Level 3, Terran Vehicle And Ship Armor Level 3, Terran Ship Armor Level 3, Terran Vehicle Armor Level 3, Terran Vehicle and Ship Weapons Level 3, Zerg Ground Armor Level 3  
  14  1:20  Protoss Ground Armor Level 2, Protoss Shields Level 2, Protoss Ground Weapons Level 2  
  14  1:29  Terran Infantry Weapons Level 2, Zerg Ground Armor Level 2, Terran Vehicle And Ship Armor Level 2, Terran Vehicle Weapons Level 2, Protoss Air Weapons Level 2, Zerg Missile Weapons Level 2, Zerg Flyer Weapons Level 2, Terran Infantry Armor Level 2, Terran Ship Armor Level 2, Terran Vehicle Armor Level 2, Terran Vehicle and Ship Weapons Level 2, Zerg Melee Weapons Level 2, Terran Ship Weapons Level 2, Zerg Flyer Armor Level 2, Protoss Air Armor Level 2  
  14  1:31  Supply Depot  
  15  1:37  Refinery  
  15  1:38  SCV x12  
  15  1:43  Protoss Ground Weapons Level 1, Protoss Shields Level 1, Protoss Ground Armor Level 1  
  15  1:44  Blink  
  15  1:48  Refinery  
  15  1:50  Unknown x4, SCV  
  15  1:51  Terran Infantry Armor Level 1, Terran Vehicle and Ship Weapons Level 1, Terran Vehicle Weapons Level 1, Zerg Missile Weapons Level 1, Zerg Flyer Armor Level 1, Terran Vehicle And Ship Armor Level 1, Terran Ship Armor Level 1, Terran Vehicle Armor Level 1, Protoss Air Armor Level 1, Zerg Melee Weapons Level 1, Terran Ship Weapons Level 1, Terran Infantry Weapons Level 1, Zerg Ground Armor Level 1, Zerg Flyer Weapons Level 1, Protoss Air Weapons Level 1  
  13  2:03  SCV  
  13  2:05  Weapon Refit, Charge, Warp Gate, Resonating Glaives, Stimpack, Neosteel Armor, Extended Thermal Lance  
  14  2:09  Supply Depot  
  14  2:12  Ventral Sacs, Adrenal Glands  
  14  2:19  Personal Cloaking  
  14  2:26  Cloaking Field, Combat Shield, Drilling Claws, Neosteel Frame, Neural Parasite, Chitinous Plating, Centrifugal Hooks, Psionic Storm, Corvid Reactor, Metabolic Boost, Infernal Pre-Igniter, 250mm Strike Cannons, Glial Reconstitution, Tunneling Claws  
  14  2:33  Barracks  
  14  2:34  Burrow, Muscular Augments x3  
  14  2:41  Anion Pulse-Crystals  
  14  2:44  Refinery  
  14  2:48  Gravitic Boosters, Behemoth Reactor, Gravitic Drive, Graviton Catapult, Caduceus Reactor, Hi-Sec Auto Tracking, Moebius Reactor, Pathogen Glands  
  14  2:52  Refinery  
  14  2:55  SCV  
  15  3:02  Concussive Shells, Pneumatized Carapace  
  15  3:07  SCV  
  16  3:18  Supply Depot  
  16  3:19  Marine  
  17  3:33  SCV x12  
  17  3:45  Unknown x4, SCV  
  13  4:01  Supply Depot  
  13  4:26  Barracks  
  13  4:32  SCV  
  14  4:56  Supply Depot  
  14  4:59  Refinery  
  14  5:03  SCV  
  15  5:07  Refinery  
  15  5:13  Marine  
Show
View Real Time Build Order
Export as new Build Order

tbirdd Terran 

Build Orders: Banshee Rush 

Get SALT Encoding   

  1  0:00  Zerg Flyer Weapons Level 3, Terran Vehicle and Ship Weapons Level 2, Zerg Melee Weapons Level 1, Protoss Ground Armor Level 1, Zerg Missile Weapons Level 1, Zerg Flyer Armor Level 1, Blink, Protoss Ground Weapons Level 2, Terran Infantry Weapons Level 3, Terran Infantry Armor Level 2, Zerg Missile Weapons Level 3, Protoss Shields Level 2, Terran Vehicle And Ship Armor Level 3, Terran Vehicle Armor Level 2, Zerg Ground Armor Level 2, Protoss Air Weapons Level 1, Terran Vehicle Armor Level 1, Terran Vehicle And Ship Armor Level 2, Protoss Air Weapons Level 2, Zerg Flyer Weapons Level 1, Protoss Shields Level 3, Terran Vehicle And Ship Armor Level 1, Terran Vehicle and Ship Weapons Level 1, Terran Ship Weapons Level 1, Zerg Melee Weapons Level 3, Terran Ship Weapons Level 2, Terran Infantry Weapons Level 1, Protoss Air Armor Level 2, Zerg Missile Weapons Level 2, Terran Vehicle and Ship Weapons Level 3, Protoss Ground Armor Level 3, Protoss Shields Level 1, Terran Vehicle Weapons Level 2, Protoss Air Armor Level 3, Zerg Flyer Weapons Level 2, Terran Ship Armor Level 1, Protoss Ground Weapons Level 1, Protoss Ground Weapons Level 3, Terran Ship Armor Level 2, Protoss Air Armor Level 1, Zerg Melee Weapons Level 2, Terran Vehicle Armor Level 3, Zerg Flyer Armor Level 3, Terran Infantry Armor Level 1, Terran Infantry Weapons Level 2, Terran Ship Weapons Level 3, Terran Infantry Armor Level 3, Terran Vehicle Weapons Level 1, Protoss Air Weapons Level 3, Terran Vehicle Weapons Level 3, Zerg Ground Armor Level 1, Protoss Ground Armor Level 2, Terran Ship Armor Level 3, Zerg Flyer Armor Level 2, Zerg Ground Armor Level 3  
  12  0:01  SCV  
  13  0:10  Weapon Refit, Charge, Warp Gate, Resonating Glaives, Stimpack, Neosteel Armor, Extended Thermal Lance  
  13  0:13  SCV  
  14  0:17  Ventral Sacs, Adrenal Glands  
  14  0:19  Supply Depot  
  14  0:24  Personal Cloaking  
  14  0:25  SCV  
  15  0:31  Cloaking Field, Combat Shield, Drilling Claws, Neosteel Frame, Neural Parasite, Chitinous Plating, Centrifugal Hooks, Psionic Storm, Corvid Reactor, Metabolic Boost, Infernal Pre-Igniter, 250mm Strike Cannons, Glial Reconstitution, Tunneling Claws  
  15  0:39  Burrow, Muscular Augments x3  
  15  0:41  SCV  
  16  0:43  Barracks  
  16  0:46  Anion Pulse-Crystals  
  16  0:53  Gravitic Boosters, Behemoth Reactor, Gravitic Drive, Graviton Catapult, Caduceus Reactor, Hi-Sec Auto Tracking, Moebius Reactor, SCV, Pathogen Glands  
  17  0:57  Protoss Ground Weapons Level 3, Protoss Shields Level 3, Refinery, Protoss Ground Armor Level 3  
  17  1:05  SCV  
  17  1:07  Concussive Shells, Pneumatized Carapace  
  17  1:08  Zerg Flyer Armor Level 3, Zerg Melee Weapons Level 3, Terran Ship Weapons Level 3, Terran Infantry Armor Level 3, Protoss Air Armor Level 3, Protoss Air Weapons Level 3, Terran Infantry Weapons Level 3, Zerg Flyer Weapons Level 3, Zerg Missile Weapons Level 3, Terran Vehicle Weapons Level 3, Terran Vehicle And Ship Armor Level 3, Terran Ship Armor Level 3, Terran Vehicle Armor Level 3, Terran Vehicle and Ship Weapons Level 3, Zerg Ground Armor Level 3  
  18  1:17  SCV  
  19  1:20  Protoss Ground Armor Level 2, Protoss Shields Level 2, Protoss Ground Weapons Level 2  
  19  1:29  Terran Infantry Weapons Level 2, Zerg Ground Armor Level 2, Terran Vehicle And Ship Armor Level 2, Terran Vehicle Weapons Level 2, Protoss Air Weapons Level 2, Zerg Missile Weapons Level 2, Zerg Flyer Weapons Level 2, Terran Infantry Armor Level 2, Terran Ship Armor Level 2, Terran Vehicle Armor Level 2, Terran Vehicle and Ship Weapons Level 2, Zerg Melee Weapons Level 2, Terran Ship Weapons Level 2, Zerg Flyer Armor Level 2, Protoss Air Armor Level 2  
  19  1:38  SCV x12  
  19  1:43  Protoss Ground Weapons Level 1, Protoss Shields Level 1, Protoss Ground Armor Level 1  
  19  1:44  Blink  
  19  1:45  Command Center  
  20  1:50  Unknown x4  
  20  1:51  Terran Infantry Armor Level 1, SCV, Terran Vehicle and Ship Weapons Level 1, Terran Vehicle Weapons Level 1, Zerg Missile Weapons Level 1, Zerg Flyer Armor Level 1, Terran Vehicle And Ship Armor Level 1, Terran Ship Armor Level 1, Terran Vehicle Armor Level 1, Protoss Air Armor Level 1, Zerg Melee Weapons Level 1, Terran Ship Weapons Level 1, Terran Infantry Weapons Level 1, Zerg Ground Armor Level 1, Zerg Flyer Weapons Level 1, Protoss Air Weapons Level 1  
  13  2:03  SCV  
  13  2:05  Weapon Refit, Charge, Warp Gate, Resonating Glaives, Stimpack, Neosteel Armor, Extended Thermal Lance  
  14  2:09  Supply Depot  
  14  2:12  Ventral Sacs, Adrenal Glands  
  14  2:15  SCV  
  14  2:19  Personal Cloaking  
  15  2:26  Cloaking Field, Combat Shield, Drilling Claws, Neosteel Frame, Neural Parasite, Chitinous Plating, Centrifugal Hooks, Psionic Storm, Corvid Reactor, Metabolic Boost, Infernal Pre-Igniter, 250mm Strike Cannons, Glial Reconstitution, Tunneling Claws  
  15  2:30  SCV  
  15  2:32  Barracks  
  15  2:34  Burrow, Muscular Augments x3  
  16  2:37  Refinery  
  16  2:41  Anion Pulse-Crystals  
  16  2:42  SCV  
  17  2:48  Gravitic Boosters, Behemoth Reactor, Gravitic Drive, Graviton Catapult, Caduceus Reactor, Hi-Sec Auto Tracking, Moebius Reactor, Pathogen Glands  
  17  2:56  SCV  
  18  3:02  Concussive Shells, Pneumatized Carapace  
  18  3:08  SCV  
  20  3:33  Command Center, SCV x12  
  20  3:45  Unknown x4  
  20  3:46  SCV  
  13  3:58  SCV  
  14  4:04  Supply Depot  
  14  4:11  SCV  
  15  4:26  SCV  
  15  4:27  Barracks  
  16  4:34  Refinery  
  16  4:38  SCV  
  17  4:50  SCV  
  18  5:02  SCV  
  20  5:28  Command Center  
Tags
 
Add a new tag
Caveats
  • Supply blocks, unpowered buildings, or Contaminate may cause inaccurate times.
  • Supply counts are checked every 10 seconds.